3A
GRIM REAPERS @ ATHLETIC CLUB KC U-24
07/14/2037
 
TOP OF THE 1ST
Grim Reapers batting - Pitching for Athletic Club KC U-24 : RHP José Valle
Pitching: RHP José Valle
Batting: SHB Leonard Davis 0-0: Ground out 3-1 (Groundball, 34D, EV 106.9 MPH)
Batting: SHB Tekkan Hayagawa 0-0: Called Strike
0-1: Ball
1-1: Foul Ball, location: 2F
1-2: Foul Ball, location: 2F
1-2: SINGLE (Flyball, 9LM, EV 91.2 MPH)
Batting: RHB Kevin Bates 0-0: Foul Ball, location: 2F
0-1: Foul Ball, location: 2F
0-2: Foul Ball, location: 2F
0-2: Ball
1-2: Strikes out looking
Batting: RHB Kiyohira Kan 0-0: Swinging Strike
0-1: Ball
1-1: Ball
2-1: Ball
3-1: Swinging Strike
3-2: Foul Ball, location: 2F
3-2: Base on Balls
Tekkan Hayagawa to second
Batting: SHB Fernando Urby 0-0: Ball
1-0: Ball
2-0: Called Strike
2-1: Ball
3-1: Base on Balls
Tekkan Hayagawa to third
Kiyohira Kan to second
Batting: LHB Lorenzo Ortíz 0-0: Called Strike
0-1: SINGLE (Groundball, 4S, EV 73.1 MPH) (infield hit)
Tekkan Hayagawa scores
Kiyohira Kan to third
Fernando Urby to second
Batting: RHB Adrián Sánchez 0-0: Called Strike
0-1: Called Strike
0-2: Fly out, F9 (Flyball, 89S, EV 93.1 MPH)
Top of the 1st over - 1 run, 2 hits, 0 errors, 3 left on base; Grim 1 - Athletic Club KC 0
BOTTOM OF THE 1ST
Athletic Club KC U-24 batting - Pitching for Grim Reapers : LHP Adrian Robertson
Pitching: LHP Adrian Robertson
Batting: RHB Marcos Quintana 0-0: Ball
1-0: Foul Ball, location: 2F
1-1: Ball
2-1: Called Strike
2-2: Strikes out looking
Batting: RHB Luis Santana 0-0: Ball
1-0: Ball
2-0: Swinging Strike
2-1: Ball
3-1: Foul Ball, location: 2F
3-2: Foul Ball, location: 2F
3-2: Base on Balls
Batting: RHB Long Yimu 0-0: Foul Ball, location: 2F
0-1: Fielders Choice at 2nd, 6-4 (Groundball, 6, EV 91.2 MPH)
Batting: RHB Jorgen Jorgenson 0-0: Swinging Strike
0-1: Called Strike
0-2: Strikes out swinging
Bottom of the 1st over - 0 runs, 0 hits, 0 errors, 1 left on base; Grim 1 - Athletic Club KC 0
TOP OF THE 2ND
Grim Reapers batting - Pitching for Athletic Club KC U-24 : RHP José Valle
Batting: RHB Lonnie Doble 0-0: Ball
1-0: Ball
2-0: Foul Ball, location: 2F
2-1: Bunt missed!
2-2: Foul Ball, location: 2F
2-2: Strikes out swinging
Batting: RHB Cristo Mercado 0-0: Called Strike
0-1: SINGLE (Groundball, 4MD, EV 106.2 MPH)
Pitching: RHP Jack Spak
Batting: SHB Leonard Davis 0-0: Ball
1-0: Ball
2-0: Ball
3-0: Called Strike
3-1: Foul Ball, location: 2F
3-2: Strikes out swinging
Batting: SHB Tekkan Hayagawa 0-0: Called Strike
Cristo Mercado is caught stealing 2nd base 2-6
Top of the 2nd over - 0 runs, 1 hit, 0 errors, 0 left on base; Grim 1 - Athletic Club KC 0
BOTTOM OF THE 2ND
Athletic Club KC U-24 batting - Pitching for Grim Reapers : LHP Adrian Robertson
Batting: RHB Shou-xin Quian 0-0: Called Strike
0-1: Swinging Strike
0-2: Ball
1-2: Strikes out looking
Batting: RHB Jimmy Chandler 0-0: Ground out 4-3 (Groundball, 4M, EV 105.6 MPH)
Batting: RHB Germain Bedeschi 0-0: Ball
1-0: Ball
2-0: Ball
3-0: Base on Balls
Batting: RHB Dadabhvai Dattachaudhuri Pickoff Throw to First - Out! 1-3
Bottom of the 2nd over - 0 runs, 0 hits, 0 errors, 0 left on base; Grim 1 - Athletic Club KC 0
TOP OF THE 3RD
Grim Reapers batting - Pitching for Athletic Club KC U-24 : RHP Jack Spak
Batting: SHB Tekkan Hayagawa 0-0: Ball
1-0: Ball
2-0: Called Strike
2-1: Ball
3-1: Base on Balls
Batting: RHB Kevin Bates 0-0: Foul Ball, location: 2F
0-1: Swinging Strike
0-2: Ball
1-2: Ball
2-2: Strikes out looking
Batting: RHB Kiyohira Kan 0-0: Ball
1-0: Ball
2-0: Fly out, F8 (Flyball, 8LM, EV 90.0 MPH)
Batting: SHB Fernando Urby 0-0: Foul Ball, location: 2F
0-1: Foul Ball, location: 2F
0-2: Strikes out swinging
Top of the 3rd over - 0 runs, 0 hits, 0 errors, 1 left on base; Grim 1 - Athletic Club KC 0
BOTTOM OF THE 3RD
Athletic Club KC U-24 batting - Pitching for Grim Reapers : LHP Adrian Robertson
Batting: RHB Dadabhvai Dattachaudhuri 0-0: Fly out, F3 (Popup, 3F, EV 67.5 MPH)
Batting: RHB Kokaji Mugo 0-0: Ball
1-0: Called Strike
1-1: Fly out, F7 (Line Drive, 7, EV 95.6 MPH)
Batting: RHB Marcos Quintana 0-0: Ball
1-0: Ground out 4-3 (Groundball, 4, EV 85.0 MPH)
Bottom of the 3rd over - 0 runs, 0 hits, 0 errors, 0 left on base; Grim 1 - Athletic Club KC 0
TOP OF THE 4TH
Grim Reapers batting - Pitching for Athletic Club KC U-24 : RHP Jack Spak
Batting: LHB Lorenzo Ortíz 0-0: Ball
1-0: Swinging Strike
1-1: Foul Ball, location: 2F
1-2: Ball
2-2: Strikes out swinging
Batting: RHB Adrián Sánchez 0-0: Called Strike
0-1: Ball
1-1: Ball
2-1: Called Strike
2-2: Strikes out looking
Batting: RHB Lonnie Doble 0-0: Called Strike
0-1: Ball
1-1: Ball
2-1: Swinging Strike
2-2: Strikes out looking
Top of the 4th over - 0 runs, 0 hits, 0 errors, 0 left on base; Grim 1 - Athletic Club KC 0
BOTTOM OF THE 4TH
Athletic Club KC U-24 batting - Pitching for Grim Reapers : LHP Adrian Robertson
Batting: RHB Luis Santana 0-0: SINGLE (Line Drive, 6M, EV 95.0 MPH)
Batting: RHB Long Yimu 0-0: Grounds into double play, 5-4-3 (Groundball, 56S, EV 78.1 MPH)
Batting: RHB Jorgen Jorgenson 0-0: Ball
1-0: Foul Ball, location: 2F
1-1: Ball
2-1: Foul Ball, location: 2F
2-2: Fly out, F9 (Line Drive, 9D, EV 98.8 MPH)
Bottom of the 4th over - 0 runs, 1 hit, 0 errors, 0 left on base; Grim 1 - Athletic Club KC 0
TOP OF THE 5TH
Grim Reapers batting - Pitching for Athletic Club KC U-24 : RHP Jack Spak
Batting: RHB Cristo Mercado 0-0: Ball
1-0: Foul Ball, location: 2F
1-1: Swinging Strike
1-2: Ball
2-2: Strikes out swinging
Batting: SHB Leonard Davis 0-0: Foul Ball, location: 2F
0-1: Fly out, F7 (Flyball, 78D, EV 91.2 MPH)
Batting: SHB Tekkan Hayagawa 0-0: Ball
1-0: DOUBLE (Groundball, 5L, EV 101.9 MPH)
Batting: RHB Kevin Bates 0-0: Foul Ball, location: 2F
0-1: Ball
1-1: Fly out, F9 (Flyball, 9S, EV 85.0 MPH)
Top of the 5th over - 0 runs, 1 hit, 0 errors, 1 left on base; Grim 1 - Athletic Club KC 0
BOTTOM OF THE 5TH
Athletic Club KC U-24 batting - Pitching for Grim Reapers : LHP Adrian Robertson
Batting: RHB Shou-xin Quian 0-0: Called Strike
0-1: SINGLE (Groundball, 56D, EV 95.0 MPH)
Batting: RHB Jimmy Chandler 0-0: Sac Bunt to P - play at first, batter OUT! 1-3
Shou-xin Quian to second
Batting: RHB Germain Bedeschi 0-0: Hit by Pitch
Batting: RHB Dadabhvai Dattachaudhuri 0-0: Ball
1-0: Fly out, F3 (Popup, 3L, EV 61.9 MPH)
Batting: RHB Kokaji Mugo 0-0: Swinging Strike
0-1: Called Strike
0-2: Foul Ball, location: 2F
0-2: Ball
1-2: Fielders Choice at 2nd, 6-4 (Groundball, 6, EV 91.2 MPH)
Bottom of the 5th over - 0 runs, 1 hit, 0 errors, 2 left on base; Grim 1 - Athletic Club KC 0
TOP OF THE 6TH
Grim Reapers batting - Pitching for Athletic Club KC U-24 : RHP Jack Spak
Batting: RHB Kiyohira Kan 0-0: Ball
1-0: Ground out 6-3 (Groundball, 4MD, EV 105.0 MPH)
Batting: SHB Fernando Urby 0-0: Fly out, F7 (Line Drive, 7, EV 93.1 MPH)
Batting: LHB Lorenzo Ortíz 0-0: Ground out 6-3 (Groundball, 6, EV 98.1 MPH)
Top of the 6th over - 0 runs, 0 hits, 0 errors, 0 left on base; Grim 1 - Athletic Club KC 0
BOTTOM OF THE 6TH
Athletic Club KC U-24 batting - Pitching for Grim Reapers : LHP Adrian Robertson
Batting: RHB Marcos Quintana 0-0: Foul Ball, location: 2F
0-1: Fly out, F8 (Flyball, 8RM, EV 82.5 MPH)
Batting: RHB Luis Santana 0-0: Called Strike
0-1: Swinging Strike
0-2: Strikes out looking
Batting: RHB Long Yimu 0-0: Called Strike
0-1: Swinging Strike
0-2: Ground out 6-3 (Groundball, 6, EV 105.6 MPH)
Bottom of the 6th over - 0 runs, 0 hits, 0 errors, 0 left on base; Grim 1 - Athletic Club KC 0
TOP OF THE 7TH
Grim Reapers batting - Pitching for Athletic Club KC U-24 : RHP Jack Spak
Batting: RHB Adrián Sánchez 0-0: Ball
1-0: Ball
2-0: Ball
3-0: Base on Balls
Pitching: RHP Sancho López
Batting: RHB Lonnie Doble 0-0: Sac Bunt to 3S - play at first, batter OUT! 3-4
Adrián Sánchez to second
Batting: RHB Cristo Mercado 0-0: Called Strike
0-1: Foul Ball, location: 2F
0-2: Ball
1-2: Ball
2-2: Ball
3-2: Strikes out swinging
Batting: SHB Leonard Davis 0-0: Ball
1-0: Hit by Pitch
Batting: SHB Tekkan Hayagawa 0-0: Ball
1-0: Ball
2-0: Ball
3-0: Base on Balls
Adrián Sánchez to third
Leonard Davis to second
Batting: RHB Kevin Bates 0-0: Ball
1-0: Called Strike
1-1: SINGLE (Groundball, 4MD, EV 95.0 MPH)
Adrián Sánchez scores
Leonard Davis to third
Tekkan Hayagawa to second
Runner from 3rd tries for Home, SAFE, no throw by CF
Batting: RHB Kiyohira Kan 0-0: Called Strike
0-1: Ball
1-1: Called Strike
1-2: Foul Ball, location: 2F
1-2: Ball
2-2: Strikes out swinging
Top of the 7th over - 2 runs, 1 hit, 0 errors, 2 left on base; Grim 3 - Athletic Club KC 0
BOTTOM OF THE 7TH
Athletic Club KC U-24 batting - Pitching for Grim Reapers : LHP Adrian Robertson
Batting: RHB Jorgen Jorgenson 0-0: Ground out 1-3 (Groundball, 15S, EV 71.9 MPH)
Batting: RHB Shou-xin Quian 0-0: Ball
1-0: Fly out, F4 (Popup, 4D, EV 41.2 MPH)
Batting: RHB Jimmy Chandler 0-0: Called Strike
0-1: Foul Ball, location: 2F
0-2: Ball
1-2: Ball
2-2: Fly out, F6 (Line Drive, 6, EV 68.1 MPH)
Bottom of the 7th over - 0 runs, 0 hits, 0 errors, 0 left on base; Grim 3 - Athletic Club KC 0
TOP OF THE 8TH
Grim Reapers batting - Pitching for Athletic Club KC U-24 : RHP Sancho López
Batting: SHB Fernando Urby 0-0: Fly out, F7 (Flyball, 78M, EV 80.6 MPH)
Batting: LHB Lorenzo Ortíz 0-0: Foul Ball, location: 2F
0-1: Ball
1-1: Swinging Strike
1-2: Foul Ball, location: 2F
1-2: Ball
2-2: Ball
3-2: Foul Ball, location: 2F
3-2: Foul Ball, location: 2F
3-2: Strikes out swinging
Batting: RHB Adrián Sánchez 0-0: Ground out 4-3 (Groundball, 34, EV 80.6 MPH)
Top of the 8th over - 0 runs, 0 hits, 0 errors, 0 left on base; Grim 3 - Athletic Club KC 0
BOTTOM OF THE 8TH
Athletic Club KC U-24 batting - Pitching for Grim Reapers : LHP Adrian Robertson
Batting: RHB Germain Bedeschi 0-0: Ground out 1-3 (Groundball, 34S, EV 78.1 MPH)
Batting: RHB Dadabhvai Dattachaudhuri 0-0: Called Strike
0-1: Ball
1-1: SINGLE (Line Drive, 7S, EV 98.1 MPH)
Batting: RHB Kokaji Mugo 0-0: Ball
1-0: Fielders Choice at 2nd, 6-4 (Groundball, 6S, EV 81.9 MPH)
Batting: RHB Marcos Quintana 0-0: Ground out 5-3 (Groundball, 56S, EV 90.6 MPH)
Bottom of the 8th over - 0 runs, 1 hit, 0 errors, 1 left on base; Grim 3 - Athletic Club KC 0
TOP OF THE 9TH
Grim Reapers batting - Pitching for Athletic Club KC U-24 : RHP Sancho López
Batting: RHB Lonnie Doble 0-0: Called Strike
0-1: Called Strike
0-2: Ball
1-2: Strikes out swinging
Batting: RHB Cristo Mercado 0-0: Ground out 4-3 (Groundball, 4, EV 90.6 MPH)
Pitching: RHP Vaughan Jones
Batting: SHB Leonard Davis 0-0: Ball
1-0: Called Strike
1-1: Ball
2-1: SINGLE (Line Drive, 3L, EV 104.4 MPH)
Batting: SHB Tekkan Hayagawa 0-0: Ball
Leonard Davis steals 2nd, throwing error, E2
Leonard Davis to third
1-0: SINGLE (Groundball, 4MD, EV 111.9 MPH)
Leonard Davis scores
Batting: RHB Kevin Bates 0-0: Called Strike
0-1: Swinging Strike
0-2: SINGLE (Flyball, 89S, EV 100.0 MPH)
Tekkan Hayagawa to second
Batting: RHB Kiyohira Kan 0-0: Fielders Choice at 2nd, U6 (Groundball, 6M, EV 92.5 MPH)
Top of the 9th over - 1 run, 3 hits, 1 error, 2 left on base; Grim 4 - Athletic Club KC 0
BOTTOM OF THE 9TH
Athletic Club KC U-24 batting - Pitching for Grim Reapers : LHP Adrian Robertson
Batting: RHB Luis Santana 0-0: Called Strike
0-1: Foul Ball, location: 2F
0-2: Ground out 6-3 (Groundball, 6M, EV 100.0 MPH)
Batting: RHB Long Yimu 0-0: Ball
1-0: Called Strike
1-1: Ball
2-1: Called Strike
2-2: Foul Ball, location: 2F
2-2: Ball
3-2: Strikes out swinging
Batting: RHB Jorgen Jorgenson 0-0: Ball
1-0: Foul Ball, location: 2F
1-1: Fly out, F2 (Popup, 2RF, EV 86.9 MPH)
Bottom of the 9th over - 0 runs, 0 hits, 0 errors, 0 left on base; Grim 4 - Athletic Club KC 0
Thursday, January 23rd, 2020 - OOTP Baseball 20.8 Build 74